 Dungeon Crawl Stone Soup version 0.27.1 (webtiles) character file.

Game seed: 9077735450285312786

76 MajorAdolf the Skirmisher (level 4, -4/42 HPs)
             Began as a Naga Wanderer on Aug 25, 2021.
             Blown up by Ijyb (19 damage)
             ... with a mindburst bolt
             ... on level 3 of the Dungeon.
             The game lasted 00:03:00 (2640 turns).

MajorAdolf the Skirmisher (Naga Wanderer)           Turns: 2640, Time: 00:03:01

Health: -4/42      AC:  5    Str: 16    XL:     4   Next: 32%
Magic:  4/4        EV:  7    Int: 11    God:
Gold:   116        SH:  4    Dex: 11    Spells: 3/3 levels left

rFire    + . .     SeeInvis +   a - +2 mace
rCold    . . .     Faith    .   c - +0 buckler
rNeg     . . .     Spirit   .   h - +1 scale mail {rF+}
rPois    +         Reflect  .   (no helmet)
rElec    .         Harm     .   (no cloak)
rCorr    .         Rampage  .   (no gloves)
Will     .....                  (no barding)
Stlth    ..........             (no amulet)
HPRegen  0.14/turn              (no ring)
MPRegen  0.09/turn              (no ring)

@: short of breath, very slow
A: AC +1, large, see invisible, deformed body, poison resistance, slowness 2,
spit poison 1, naga tail 1
a: Spit Poison


You were on level 3 of the Dungeon.
You visited 1 branch of the dungeon, and saw 3 of its levels.

You collected 116 gold pieces.

Inventory:

Hand Weapons
 a - a +2 mace (weapon)
 b - a +0 spear
Armour
 c - a +0 buckler (worn)
 d - a +0 robe
 h - a +1 scale mail of fire resistance (worn)
Scrolls
 e - a scroll of magic mapping {unknown}
 f - a scroll of fog {unknown}
 k - a scroll of enchant armour {unknown}
Potions
 g - a potion of magic
 i - a potion of flight {unknown}
 j - a potion of ambrosia {unknown}
 l - a potion of berserk rage {unknown}


   Skills:
 + Level 3.4 Fighting
 + Level 1.4(1.6) Axes
 - Level 1.0(1.3) Maces & Flails
 + Level 2.1 Armour
 + Level 2.1 Dodging
 - Level 1.5 Stealth
 + Level 1.6 Shields


You had 3 spell levels left.
You didn't know any spells.
Your spell library contained the following spells:

 Spells                   Type           Power      Damage    Failure   Level
 Freeze                   Ice            0%         1d3       83%         1
 Conjure Flame            Conj/Fire      0%         6-21      99%         3
 Frozen Ramparts          Ice            0%         1d2       99%         3
 Ignite Poison            Fire/Tmut/Pois 0%         N/A       99%         3
 Hailstorm                Conj/Ice       0%         3d3       100%        4
 Sticky Flame             Conj/Fire      0%         2d3       100%        4


Dungeon Overview and Level Annotations

Branches:
Dungeon (3/15)

Altars:

Annotations:
D:3 Ijyb


Innate Abilities, Weirdness & Mutations

Your serpentine skin is tough. (AC +1)
You have supernaturally acute eyesight. (SInv)
Armour fits poorly on your strangely shaped body.
Your system is resistant to poisons. (rPois)
You cover ground very slowly.
You can spit poison.
You have a snake-like lower body.


Message History

You hit the frilled lizard.
You kill the frilled lizard!
No target in view!
No target in view!
Found a stone staircase leading down.
You see here a frilled lizard corpse.
Found a stone staircase leading up.
Ijyb the Twisted Goblin comes into view.
She is wielding a +1 dagger of holy wrath and carrying a wand of mindburst (22).
Ijyb shouts!
Ijyb is nearby!
Ijyb zaps a wand.
You struggle to resist.
Ijyb zaps a wand.
You struggle to resist.
Ijyb zaps a wand.
Your mind is blasted!
Ouch! That really hurt!
There is a stone staircase leading up here.
You climb upwards.
There is a stone staircase leading down here.
You start resting.
HP restored.
Done exploring.
Done exploring.
Unknown command.
Done exploring.
There is a stone staircase leading down here.
You climb downwards.
Level annotation: Ijyb
There is a stone staircase leading up here.
Unknown command.
Press: ? - help, Shift-Dir - straight line, f - Ijyb
Aim: Ijyb, wielding a +1 dagger of holy wrath, wearing a +0 ring mail and carrying a wand of mindburst (19)
The splash of poison hits Ijyb.
Ijyb is poisoned.
Ijyb is moderately wounded.
Ijyb zaps a wand.
Your mind is blasted!
Unknown command.
You barely miss Ijyb.
Ijyb is moderately wounded.
Ijyb zaps a wand.
Your mind is blasted!
A rat comes into view.
Ijyb zaps a wand.
Your mind is blasted!
You die...

#.....# ###### ##.
#...<.###....#....
#......##......#
#............####.
#..<..............
#....#..#....####.
######.###...## .
...#...g..#...r
....#...@.......
.....######.......
..... ..#....
..... ..#.... ..#
. ..# ... .#.


You could see Ijyb (poisoned) and a rat (wandering).

Vanquished Creatures
  Terence (D:2)
  An adder (D:2)
  3 endoplasms
  2 giant cockroaches (D:1)
  3 goblins
  7 hobgoblins
  4 jackals (D:1)
  2 ball pythons (D:2)
  4 bats
  6 frilled lizards
  4 kobolds
  2 rats (D:1)
39 creatures vanquished.

Notes
Turn   | Place    | Note
-------+----------+-------------------------------------------
     0 | D:1      | MajorAdolf the Naga Wanderer began the quest for the Orb.
     0 | D:1      | MajorAdolf set off with the following items: a +2 mace, a
                  | +0 spear, a +0 buckler, a +0 robe
     0 | D:1      | Reached XP level 1. HP: 21/21 MP: 1/1
   343 | D:1      | Reached XP level 2. HP: 28/28 MP: 2/2
   793 | D:1      | Reached XP level 3. HP: 34/34 MP: 3/3
   803 | D:1      | You fall into a shaft and drop 1 floor!
   826 | D:2      | Reached skill level 1 in Axes
  1108 | D:2      | Noticed Terence
  1129 | D:2      | Killed Terence
  1130 | D:2      | Reached XP level 4. HP: 11/42 MP: 4/4
  2414 | D:3      | Noticed Ijyb
  2640 | D:3      | Blown up by Ijyb

Illustrated notes

Levels and vault maps discovered:
D:1:      elethiomel_arrival_infinity_welcomes_careful_drivers, layout_basic,
          minmay_bisected
D:2:      layout_basic, uniq_terence
D:3:      layout_rooms, minmay_overflow_temple_hex, uniq_ijyb

Skill      XL: |  1  2  3 |
---------------+----------+-----
Axes           | 1 |  1.4
Armour         | 2 |  2.1
Dodging        | 2 |  2.1
Fighting       | |  3.4
Maces & Flails | |  1.0
Stealth        | |  1.5
Shields        | |  1.6

Action                   |  1- 3 |  4- 6 || total
-------------------------+-------+-------++-------
Melee: Mace              |    27 |    37 ||    64
 Abil: Spit Poison       |    24 |     8 ||    32
  Use: Potion            |     2 |       ||     2
 Stab: Sleeping          |     1 |       ||     1
Armor: Robe              |     9 |       ||     9
       Scale mail        |       |    26 ||    26
Dodge: Dodged            |    22 |     5 ||    27
Block: Buckler           |     9 |     6 ||    15
